[Event "98th Caplin Hastings Masters 2024-25"]
[Site "Hastings"]
[Date "2024.12.31"]
[Round "5.41"]
[White "Zhou, Yang-Fan"]
[Black "Laurent-Paoli, Pierre"]
[Result "0-1"]
[ECO "B33"]
[WhiteElo "2424"]
[BlackElo "2559"]
[Annotator "TA"]
[PlyCount "140"]
[EventDate "2024.12.23"]
[EventType "swiss"]
[EventCountry "ENG"]
[SourceTitle "playchess.com"]
[Source "ChessBase"]
[SourceQuality "1"]
[TimeControl "5400+30"]

1. e4 c5 2. Nf3 Nc6 3. d4 cxd4 4. Nxd4 Nf6 5. Nc3 e5 6. Ndb5 d6 7. Bg5 a6 8. Na3 b5 9. Nd5 Be7 10. Bxf6 Bxf6 11. c4 b4 12. Nc2 Rb8 13. g3 {[%emt 0:00:18] B33: Sicilian: Pelikan and Sveshnikov Variations.} O-O 14. b3 Be6 15. Bg2 Bg5 16. O-O a5 17. f4 exf4 18. gxf4 Bh6 19. Kh1 g6 $146 ({Predecessor:} 19... Qh4 20. Nce3 g6 21. Qe1 Qxe1 22. Raxe1 Bg7 23. Rd1 a4 24. Rd3 axb3 25. axb3 Bxd5 26. Nxd5 Nd4 27. Ne7+ Kh8 28. Rxd4 Bxd4 29. Nc6 Bc3 30. Nxb8 {½-½ Balla,T (2330)-Samu,G (2331) HUN-chT2 Toth 2122 2021 (5.1)}) 20. Nce3 Bg7 21. Rc1 Qh4 22. c5 dxc5 23. Rxc5 Nd4 24. Rxa5 Rfc8 25. Nc4 Bg4 26. Qe1 Qd8 27. Ra7 Nc6 28. Ra6 Ra8 29. Rxa8 Rxa8 30. Qf2 Bd4 31. Qd2 Bc3 32. Qf2 Nd4 33. e5 Kg7 34. Nd6 Nf5 35. Nf6 (35. h3 $18) 35... Bd4 $2 (35... Nxd6 $16 36. Nxg4 Nf5) 36. Qd2 $18 Nxd6 37. Qxd4 (37. Nxg4 Nf5 $14) 37... Be2 38. exd6 Qxf6 39. Qxf6+ (39. Qxb4 Rxa2 40. Re1 Bg4 $17) 39... Kxf6 40. Re1 $2 (40. Rf2 $18 Rxa2 41. Bf1 Bxf1 42. Rxa2) 40... Rxa2 $17 41. d7 {[%emt 0:00:21] [#]} Rd2 $1 (41... Ke7 $2 42. Bf1 $18) 42. Rxe2 Rd1+ 43. Bf1 Rxf1+ 44. Kg2 Rd1 (44... Rxf4 $2 45. d8=Q+ (45. d8=B+ Kg7 $18) 45... Kg7 46. Qe7 $18) 45. Re4 Rxd7 46. Rxb4 {[%emt 0:00:02] [#]} Kf5 $1 47. Rc4 Rd2+ 48. Kg1 (48. Kh3 $17) 48... Kg4 $19 49. b4 f5 50. Rc7 Kf3 51. h3 $2 (51. Rc3+ $17 Kxf4 52. Rh3) 51... Rd1+ (51... Kxf4 52. Rc4+ Ke5 53. Rc1 $17) (51... Rg2+ $142 52. Kf1 Rb2) 52. Kh2 $19 Rd2+ $2 (52... Kxf4 {Threatens to win with ...Rd2+.} 53. Rc4+ Ke5 54. Rc5+ Rd5) 53. Kg1 $19 Kg3 $2 (53... Kxf4 54. Rc4+ Kg5 55. h4+ Kh5 56. Kf1 $11) (53... Rg2+ $19 {is more deadly.} 54. Kf1 Rb2) 54. Kf1 $2 (54. Rc3+ $17 Kxf4 55. Rb3) 54... Rf2+ $19 (54... Kxh3 55. Ke1 Rd5 56. Rxh7+ Kg3 57. Rh6 $17) 55. Kg1 (55. Ke1 $142 Rxf4 56. b5 Re4+ (56... Kxh3 $2 57. Ke2 $19) 57. Kf1) 55... Rb2 $19 (55... Rxf4 56. Rc3+ Kh4 57. Rb3 $11) 56. Kf1 Rxb4 (56... Kxh3 57. Rxh7+ Kg3 58. Rh6 $15) 57. Rxh7 Rxf4+ 58. Kg1 Ra4 59. Kf1 Rf4+ $2 (59... f4 {mates} 60. Rh6 Ra6 (60... Ra1+ $2 61. Ke2 $19) 61. Rh8 f3 62. Re8 Ra1+ (62... Kxh3 $2 63. Kf2 $19) 63. Re1 Rxe1+ 64. Kxe1 f2+ (64... Kxh3 {gets mated.} 65. Kf2 Kg4 66. Kf1 Kf4 67. Kf2 g5 68. Kg1 Ke3 69. Kh2 f2 70. Kg2 Ke2 71. Kg3 f1=Q 72. Kg4 Qf6 73. Kg3 Qf4+ 74. Kg2 Qh4 75. Kg1 Kf3 76. Kf1 Qh1#) (64... Kg2 65. Kd2 f2 66. Kc3 f1=Q 67. Kb4 Kxh3 68. Kc5 g5 69. Kd6 g4 70. Kc5 g3 71. Kd4 g2 72. Ke3 g1=Q+ 73. Ke4 Qc4+ 74. Ke5 Qg7+ 75. Kf5 Qcg4#) 65. Ke2 g5 (65... Kxh3 {is a self mate.} 66. Kxf2 g5 67. Kf1 Kh2 68. Kf2 g4 69. Ke1 Kg1 70. Ke2 g3 71. Kf3 g2 72. Kg3 Kh1 73. Kf4 g1=Q 74. Ke5 Qc5+ 75. Kf6 Qd6+ 76. Kg7 Qe7+ 77. Kh6 Kg2 78. Kg6 Kg3 79. Kf5 Kf3 80. Kg6 Kg4 81. Kh6 Kf5 82. Kh5 Qh7#) (65... f1=Q+ 66. Kxf1 Kxh3 67. Kg1 $19) 66. Ke3 f1=Q (66... f1=B 67. Kd2 Bxh3 68. Ke3 g4 69. Ke4 Kf2 70. Kf5 g3+ 71. Kg6 g2 72. Kf6 g1=Q 73. Ke5 Qg6 74. Kd4 Qb6+ 75. Kc3 Be6 76. Kd3 Qb3+ 77. Kd2 Bf5 78. Kc1 Qc2#) 67. Ke4 Kxh3 (67... Qxh3 68. Kd5 Kf4 69. Kd4 g4 70. Kd5 g3 71. Kd6 g2 72. Kd5 g1=Q 73. Kd6 Qd4+ 74. Ke7 Qh7+ 75. Kf8 Qdh8#) 68. Kd5 g4 69. Kd6 g3 70. Ke7 g2 71. Ke6 g1=Q (71... g1=B 72. Ke5 Qd3 73. Ke6 Kg4 74. Ke7 Bc5+ 75. Kf7 Qh7+ 76. Kf6 Kf4 77. Ke6 Qf5#) 72. Kd7 Qb5+ 73. Kd8 Qg7 74. Kc8 Qe8#) 60. Ke2 $2 (60. Kg1 $11) 60... Re4+ 61. Kd3 Re6 62. h4 f4 63. h5 gxh5 64. Rxh5 f3 65. Rg5+ Kf2 66. Rg8 Kf1 67. Kd2 f2 68. Rg7 Rd6+ 69. Kc3 Rd5 70. Kc4 Rd1 0-1

[Event "98th Caplin Hastings Masters 2024-25"]
[Site "Hastings"]
[Date "2024.12.31"]
[Round "5.42"]
[White "Miller, Daniel"]
[Black "Ashton, Alannah"]
[Result "0-1"]
[ECO "D95"]
[WhiteElo "2093"]
[BlackElo "1953"]
[Annotator "NA RC"]
[PlyCount "94"]
[EventDate "2024.12.23"]
[EventType "swiss"]
[EventCountry "ENG"]
[SourceTitle "playchess.com"]
[Source "ChessBase"]
[SourceQuality "1"]
[TimeControl "5400+30"]

1. d4 Nf6 2. c4 g6 3. Nc3 d5 4. e3 Bg7 5. Qb3 c6 6. cxd5 cxd5 7. Nf3 O-O 8. Be2 Nc6 9. O-O b6 10. Qa4 Na5 11. Qd1 Bf5 12. b3 a6 13. Bb2 b5 14. Ne1 Nb7 15. Bf3 Rc8 16. Nd3 Ne4 17. Bxe4 dxe4 18. Nf4 e5 19. Nfe2 b4 20. Na4 Bg4 21. h3 Bxe2 22. Qxe2 exd4 23. exd4 Nd6 24. Qxa6 Nf5 25. d5 Bxb2 26. Nxb2 Qxd5 27. Rad1 Qc5 28. Qc4 Qe5 29. Qe2 Nd4 30. Qd2 Rfd8 31. Qe1 Re8 32. Nc4 Nf3+ 33. gxf3 Qg5+ 34. Kh2 exf3 35. Rg1 Qf4+ 36. Rg3 Rxe1 37. Rxe1 Ra8 38. Re3 Rxa2 39. Rexf3 Rxf2+ 40. Rxf2 Qxf2+ 41. Rg2 Qf3 42. Rg3 Qe2+ 43. Rg2 Qd3 44. Rb2 Qc3 45. Kg2 f5 46. Kh2 f4 47. Rf2 Qg3+ 0-1

[Event "98th Caplin Hastings Masters 2024-25"]
[Site "Hastings"]
[Date "2024.12.31"]
[Round "5.43"]
[White "Mikalajunas, Kajus"]
[Black "Flynn, David"]
[Result "1-0"]
[ECO "B38"]
[WhiteElo "1941"]
[BlackElo "1834"]
[Annotator "NA RC"]
[PlyCount "67"]
[EventDate "2024.12.23"]
[EventType "swiss"]
[EventCountry "ENG"]
[SourceTitle "playchess.com"]
[Source "ChessBase"]
[SourceQuality "1"]
[TimeControl "5400+30"]

1. Nf3 c5 2. c4 g6 3. d4 cxd4 4. Nxd4 Bg7 5. e4 Nc6 6. Nc2 Nf6 7. Nc3 d6 8. Be2 Nd7 9. Bd2 Nd4 10. Nxd4 Bxd4 11. O-O O-O 12. Bh6 Bg7 13. Bxg7 Kxg7 14. Qd4+ Kg8 15. Rfd1 Qb6 16. Nd5 Qd8 17. Rac1 b6 18. f4 Nc5 19. b4 Ne6 20. Qe3 Bd7 21. Rc3 Nc7 22. Nxc7 Qxc7 23. f5 f6 24. Qh6 g5 25. c5 b5 26. Rh3 Rf7 27. Bh5 Rg7 28. Bg6 hxg6 29. Qh8+ Kf7 30. fxg6+ Rxg6 31. Rh7+ Ke6 32. Qxa8 Bc6 33. Qf8 Bxe4 34. Rxd6+ 1-0

[Event "98th Caplin Hastings Masters 2024-25"]
[Site "Hastings"]
[Date "2024.12.31"]
[Round "5.44"]
[White "Hu, Junyan"]
[Black "Chandler, Cliff R"]
[Result "1/2-1/2"]
[ECO "B01"]
[WhiteElo "1933"]
[BlackElo "2161"]
[Annotator "NA RC"]
[PlyCount "61"]
[EventDate "2024.12.23"]
[EventType "swiss"]
[EventCountry "ENG"]
[SourceTitle "playchess.com"]
[Source "ChessBase"]
[SourceQuality "1"]
[TimeControl "5400+30"]

1. e4 d5 2. exd5 Nf6 3. d4 Bg4 4. f3 Bf5 5. g4 Bg6 6. c4 c6 7. Nc3 cxd5 8. g5 Nfd7 9. Nxd5 e6 10. Nc3 Nc6 11. Nge2 Qa5 12. Nf4 Qxg5 13. Nxg6 Qxg6 14. Be3 Be7 15. Qd2 Bh4+ 16. Bf2 Bxf2+ 17. Qxf2 O-O-O 18. O-O-O Nb6 19. d5 exd5 20. cxd5 Ne5 21. f4 Ng4 22. Bh3 Kb8 23. Bxg4 Qxg4 24. Rhg1 Qf5 25. Rxg7 Nxd5 26. Rg5 Qxf4+ 27. Qxf4+ Nxf4 28. Rf5 Rxd1+ 29. Kxd1 Ne6 30. Rxf7 h5 31. Rf6 1/2-1/2

[Event "98th Caplin Hastings Masters 2024-25"]
[Site "Hastings"]
[Date "2024.12.31"]
[Round "5.45"]
[White "Wheeler, James M"]
[Black "Wilson, Matthew R"]
[Result "1-0"]
[ECO "C47"]
[WhiteElo "1863"]
[BlackElo "1766"]
[Annotator "NA RC"]
[PlyCount "103"]
[EventDate "2024.12.23"]
[EventType "swiss"]
[EventCountry "ENG"]
[SourceTitle "playchess.com"]
[Source "ChessBase"]
[SourceQuality "1"]
[TimeControl "5400+30"]

1. e4 e5 2. Nc3 Nf6 3. Nf3 Nc6 4. g3 d5 5. exd5 Nxd5 6. Bg2 Nxc3 7. bxc3 Bd6 8. O-O O-O 9. d3 Bd7 10. Re1 Qf6 11. Ng5 Qg6 12. Ne4 f5 13. Nxd6 cxd6 14. f4 Rae8 15. Be3 b6 16. c4 Na5 17. Qd2 Bc6 18. Rab1 Bxg2 19. Qxg2 Qf7 20. Bd2 Nb7 21. fxe5 dxe5 22. Bb4 Nc5 23. Bxc5 bxc5 24. Rb7 Re7 25. Rxe7 Qxe7 26. Qd5+ Kh8 27. Qxe5 Qf7 28. Qe7 Qxe7 29. Rxe7 Kg8 30. Rxa7 Rb8 31. Rc7 Rb1+ 32. Kg2 Rb2 33. Rxc5 Rxc2+ 34. Kh3 Rf2 35. a4 g5 36. g4 Rf3+ 37. Kg2 Rxd3 38. Rxf5 h6 39. Rd5 Rc3 40. Rc5 Kf7 41. a5 Ke7 42. Rc6 Rc2+ 43. Kf3 Rxh2 44. Ke4 Rg2 45. Rxh6 Rxg4+ 46. Kd5 Rg1 47. a6 Rd1+ 48. Kc6 Ra1 49. Kb7 Rb1+ 50. Rb6 Rd1 51. a7 Rd7+ 52. Ka6 1-0

[Event "98th Caplin Hastings Masters 2024-25"]
[Site "Hastings"]
[Date "2024.12.31"]
[Round "5.46"]
[White "Buckland, Louis"]
[Black "Dette, Jan"]
[Result "1/2-1/2"]
[ECO "E04"]
[WhiteElo "1856"]
[BlackElo "2102"]
[Annotator "NA RC"]
[PlyCount "39"]
[EventDate "2024.12.23"]
[EventType "swiss"]
[EventCountry "ENG"]
[SourceTitle "playchess.com"]
[Source "ChessBase"]
[SourceQuality "1"]
[TimeControl "5400+30"]

1. d4 Nf6 2. c4 e6 3. g3 d5 4. Bg2 dxc4 5. Nf3 c5 6. O-O Nc6 7. Qa4 Bd7 8. Qxc4 b5 9. Qd3 c4 10. Qd1 Rc8 11. Ne5 Bd6 12. Nxd7 Nxd7 13. d5 exd5 14. Qxd5 Be5 15. Bh3 a6 16. Nc3 Rc7 17. Be3 Nf6 18. Qxd8+ Nxd8 19. Rfd1 Nb7 20. Bg2 1/2-1/2

[Event "98th Caplin Hastings Masters 2024-25"]
[Site "Hastings"]
[Date "2024.12.31"]
[Round "5.47"]
[White "Norinkeviciute, Rasa"]
[Black "Chapman, Luke"]
[Result "1/2-1/2"]
[ECO "A25"]
[WhiteElo "1952"]
[BlackElo "1706"]
[Annotator "NA RC"]
[PlyCount "114"]
[EventDate "2024.12.23"]
[EventType "swiss"]
[EventCountry "ENG"]
[SourceTitle "playchess.com"]
[Source "ChessBase"]
[SourceQuality "1"]
[TimeControl "5400+30"]

1. c4 f5 2. Nc3 Nf6 3. g3 g6 4. Bg2 Bg7 5. e3 O-O 6. Nge2 d6 7. d4 Nc6 8. O-O e5 9. b3 g5 10. dxe5 dxe5 11. Ba3 Re8 12. Qxd8 Rxd8 13. Nb5 Ne8 14. Bd5+ Kh8 15. Rad1 Bd7 16. Nbc3 Bf6 17. Bf7 Rac8 18. Rxd7 Rxd7 19. Be6 Rcd8 20. Bxd7 Rxd7 21. e4 f4 22. f3 Be7 23. Bxe7 Nxe7 24. Rd1 Rxd1+ 25. Nxd1 c6 26. Kf2 Kg7 27. c5 Nf6 28. Nc1 Nd7 29. Nd3 Kf6 30. N1b2 fxg3+ 31. hxg3 Ke6 32. Nc4 h5 33. f4 exf4 34. gxf4 gxf4 35. Nxf4+ Kf6 36. Nxh5+ Kg5 37. Ng3 Nxc5 38. Ke3 Ne6 39. Nd6 b6 40. Ngf5 Nxf5+ 41. exf5 Nc5 42. Nc8 Kxf5 43. Nxa7 Ke5 44. Nxc6+ Kd6 45. Nb4 Ne6 46. Kd3 Kc5 47. Kc3 Nd8 48. Nd3+ Kb5 49. Nb2 Nc6 50. Nc4 Kc5 51. a3 Na7 52. b4+ Kb5 53. Nb2 Ka6 54. a4 b5 55. Kb3 Nc6 56. a5 Nxa5+ 57. bxa5 Kxa5 1/2-1/2

[Event "98th Caplin Hastings Masters 2024-25"]
[Site "Hastings"]
[Date "2024.12.31"]
[Round "5.48"]
[White "Stokes, Stephen"]
[Black "Lee, Jungsoo"]
[Result "0-1"]
[ECO "A49"]
[WhiteElo "1866"]
[BlackElo "1705"]
[Annotator "NA RC"]
[PlyCount "104"]
[EventDate "2024.12.23"]
[EventType "swiss"]
[EventCountry "ENG"]
[SourceTitle "playchess.com"]
[Source "ChessBase"]
[SourceQuality "1"]
[TimeControl "5400+30"]

1. d4 Nf6 2. Nf3 g6 3. g3 Bg7 4. Bg2 O-O 5. O-O d6 6. Re1 Nbd7 7. e4 e5 8. c4 Re8 9. d5 a5 10. Nc3 Nc5 11. Qc2 Nh5 12. Nd2 f5 13. Nb3 b6 14. Nxc5 bxc5 15. Bf3 Nf6 16. Qe2 Rf8 17. h4 f4 18. Kg2 fxg3 19. fxg3 Rf7 20. Bd2 Qf8 21. Rf1 Bh6 22. Bxh6 Qxh6 23. Rf2 g5 24. Qd2 Rg7 25. Raf1 Bg4 26. Bd1 Rg6 27. Rxf6 Bh3+ 28. Kxh3 g4+ 29. Bxg4 Qxd2 30. Be6+ Kh8 31. Rf7 Qxb2 32. Nb5 Qe2 33. R1f2 Rxg3+ 34. Kxg3 Rg8+ 35. Kh3 Qe1 36. Rxh7+ Kxh7 37. Bxg8+ Kxg8 38. Rg2+ Kh7 39. Nxc7 Qxe4 40. Rg4 Qf3+ 41. Rg3 Qf1+ 42. Rg2 Qxc4 43. Ne8 Qd3+ 44. Rg3 Qf5+ 45. Rg4 c4 46. Nxd6 Qf1+ 47. Kg3 c3 48. Rc4 Qxc4 49. Nxc4 c2 50. d6 c1=Q 51. Nxe5 Qe3+ 52. Nf3 Qd3 0-1

[Event "98th Caplin Hastings Masters 2024-25"]
[Site "Hastings"]
[Date "2024.12.31"]
[Round "5.50"]
[White "Prudent, Sylvio"]
[Black "Choi, Hyunbin"]
[Result "0-1"]
[ECO "A08"]
[WhiteElo "1780"]
[BlackElo "1673"]
[Annotator "NA RC"]
[PlyCount "102"]
[EventDate "2024.12.23"]
[EventType "swiss"]
[EventCountry "ENG"]
[SourceTitle "playchess.com"]
[Source "ChessBase"]
[SourceQuality "1"]
[TimeControl "5400+30"]

1. Nf3 d5 2. g3 c5 3. Bg2 Nc6 4. d3 e5 5. Nbd2 Nf6 6. e4 Be7 7. O-O O-O 8. Re1 d4 9. Nf1 Be6 10. Ng5 Qd7 11. Nxe6 Qxe6 12. f4 Qg4 13. Bf3 Qd7 14. f5 b5 15. g4 c4 16. a3 Ne8 17. g5 Bd6 18. Ng3 b4 19. Bg4 Na5 20. f6 Qa4 21. fxg7 Nxg7 22. Nf5 Rfd8 23. Rf1 b3 24. Nh6+ Kh8 25. Nxf7+ Kg8 26. Nxd8 Rxd8 27. cxb3 Nxb3 28. Rb1 Qb5 29. dxc4 Qxc4 30. Bh5 Nxh5 31. Qxh5 d3 32. g6 Bc5+ 33. Kg2 Qxe4+ 34. Rf3 hxg6 35. Qh3 Nd4 36. Be3 Nxf3 37. Qxf3 Qxe3 38. Qf6 Qe4+ 39. Kg3 Qf4+ 40. Qxf4 exf4+ 41. Kxf4 Bd6+ 42. Ke3 Bxh2 43. b4 d2 44. Ke2 d1=Q+ 45. Rxd1 Rxd1 46. Kxd1 Kf7 47. a4 Ke6 48. Ke2 Kd5 49. Kd3 g5 50. a5 g4 51. Ke3 Ke5 0-1

[Event "98th Caplin Hastings Masters 2024-25"]
[Site "Hastings"]
[Date "2024.12.31"]
[Round "5.51"]
[White "Kim, Nayoon B"]
[Black "Bryant, Marc A"]
[Result "0-1"]
[ECO "A10"]
[WhiteElo "1663"]
[BlackElo "1825"]
[Annotator "NA"]
[PlyCount "46"]
[EventDate "2024.12.23"]
[EventType "swiss"]
[EventCountry "ENG"]
[SourceTitle "playchess.com"]
[Source "ChessBase"]
[SourceQuality "1"]
[TimeControl "5400+30"]

1. c4 g6 2. Nc3 Bg7 3. g3 d6 4. Bg2 h6 5. Nf3 g5 6. Qc2 Nc6 7. a3 e5 8. d3 g4 9. Nd2 Nd4 10. Qd1 c6 11. e3 Nf5 12. Qxg4 Nxe3 13. Qxg7 Nc2+ 14. Kf1 Nxa1 15. Qxh8 Qg5 16. Nb3 Qg6 17. Nxa1 h5 18. Ne4 Ke7 19. h4 f5 20. Ng5 Nf6 21. Nh3 Qg4 22. Kg1 Qd1+ 23. Kh2 Ng4# 0-1

[Event "98th Caplin Hastings Masters 2024-25"]
[Site "Hastings"]
[Date "2024.12.31"]
[Round "5.52"]
[White "Han, Yongsu"]
[Black "Graham, Oliver"]
[Result "0-1"]
[ECO "C55"]
[WhiteElo "1718"]
[BlackElo "1789"]
[Annotator "NA"]
[PlyCount "58"]
[EventDate "2024.12.23"]
[EventType "swiss"]
[EventCountry "ENG"]
[SourceTitle "playchess.com"]
[Source "ChessBase"]
[SourceQuality "1"]
[TimeControl "5400+30"]

1. e4 e5 2. Nf3 Nc6 3. Bc4 Be7 4. O-O Nf6 5. Re1 Nxe4 6. Rxe4 d5 7. Nxe5 Nxe5 8. Rxe5 dxc4 9. Qe2 Be6 10. Nc3 O-O 11. b3 Bf6 12. Re3 cxb3 13. axb3 a6 14. Bb2 Re8 15. Re1 Qd7 16. Rg3 Bf5 17. Re3 Rxe3 18. fxe3 Bxc2 19. Rf1 Bd3 20. Qf3 Bxf1 21. Kxf1 Qxd2 22. Qxb7 Rd8 23. Ne4 Qxb2 24. Nxf6+ Qxf6+ 25. Ke2 Qb6 26. Qe4 Qxb3 27. Qe7 Qd1+ 28. Kf2 Qd2+ 29. Kf3 Qd6 0-1

[Event "98th Caplin Hastings Masters 2024-25"]
[Site "Hastings"]
[Date "2024.12.31"]
[Round "6.1"]
[White "Xue, Haowen"]
[Black "Zhang, Pengxiang"]
[Result "1/2-1/2"]
[ECO "A31"]
[WhiteElo "2502"]
[BlackElo "2567"]
[Annotator "ChessBase"]
[PlyCount "148"]
[EventDate "2024.12.23"]
[EventType "swiss"]
[EventCountry "ENG"]
[SourceTitle "playchess.com"]
[Source "ChessBase"]
[SourceQuality "1"]
[TimeControl "5400+30"]

1. c4 Nf6 2. Nf3 g6 3. Nc3 Bg7 4. e4 c5 5. d4 cxd4 6. Nxd4 O-O 7. Be2 d6 8. Be3 a6 9. O-O Nfd7 10. Qd2 b6 11. Bh6 Bb7 12. Nf5 Bxh6 13. Nxh6+ Kg7 14. Ng4 f5 15. exf5 gxf5 16. Ne3 f4 17. Ned5 e5 18. Bf3 Ra7 19. g3 Nc6 20. Ne2 Ne7 21. gxf4 Bxd5 22. Bxd5 Nxd5 23. Qxd5 Nf6 24. Qf3 Kh8 25. Kh1 exf4 26. Rad1 Rg7 27. Rg1 Rxg1+ 28. Rxg1 Qe7 29. Nc3 b5 30. cxb5 axb5 31. Qxf4 Qb7+ 32. Rg2 Qe7 33. f3 Nd7 34. Qd4+ Qe5 35. Nxb5 Rxf3 36. Re2 Qxd4 37. Nxd4 Rd3 38. Nc6 Nb6 39. Nb4 Rd4 40. a3 Nc4 41. Kg2 Kg7 42. Rf2 Rd1 43. Kf3 Rb1 44. Nd3 d5 45. a4 Kf6 46. b4 Ke6 47. Kf4 Ra1 48. Rf3 Kd6 49. a5 Kc6 50. Rh3 Rf1+ 51. Kg4 Rf7 52. Rh5 Ne3+ 53. Kg3 Kb5 54. Re5 Nf1+ 55. Kg2 Kc4 56. a6 Kb5 57. Nc5 Kxb4 58. Nb7 Rf6 59. a7 Ra6 60. Nd8 Kc5 61. Nc6 Ra2+ 62. Kxf1 Kxc6 63. Re7 h5 64. Ke1 h4 65. Rh7 Kb6 66. Rxh4 Rxa7 67. Ke2 Ra2+ 68. Ke3 Ra3+ 69. Ke2 Ra2+ 70. Ke3 Ra3+ 71. Ke2 Kc5 72. Kd2 Ra2+ 73. Kd3 Ra3+ 74. Kd2 Ra2+ 1/2-1/2

[Event "98th Caplin Hastings Masters 2024-25"]
[Site "Hastings"]
[Date "2024.12.31"]
[Round "6.2"]
[White "Kaasen, Tor Fredrik"]
[Black "Laurent-Paoli, Pierre"]
[Result "0-1"]
[ECO "E48"]
[WhiteElo "2473"]
[BlackElo "2559"]
[Annotator "ChessBase"]
[PlyCount "66"]
[EventDate "2024.12.23"]
[EventType "swiss"]
[EventCountry "ENG"]
[SourceTitle "playchess.com"]
[Source "ChessBase"]
[SourceQuality "1"]
[TimeControl "5400+30"]

1. d4 Nf6 2. c4 e6 3. Nc3 Bb4 4. e3 O-O 5. Bd3 Re8 6. Nge2 d5 7. O-O Nbd7 8. Qb3 Bd6 9. Ng3 c6 10. e4 Bxg3 11. hxg3 e5 12. exd5 exd4 13. Ne2 cxd5 14. Nxd4 Nc5 15. Qc2 dxc4 16. Qxc4 b6 17. Qc3 Nxd3 18. Qxd3 Ba6 19. Qxa6 Qxd4 20. Qa3 Re2 21. Qf3 Rae8 22. Be3 Qxb2 23. Rfb1 Qc2 24. Rc1 Qd3 25. a4 h6 26. Rd1 Qc4 27. a5 bxa5 28. Rxa5 Ng4 29. Rxa7 Nxe3 30. fxe3 R2xe3 31. Qf4 R3e4 32. Qf2 Re2 33. Qd4 Qc2 0-1

[Event "98th Caplin Hastings Masters 2024-25"]
[Site "Hastings"]
[Date "2024.12.31"]
[Round "6.3"]
[White "Stefansson, Vignir Vatnar"]
[Black "Vestby-Ellingsen, Mads"]
[Result "1/2-1/2"]
[ECO "E04"]
[WhiteElo "2537"]
[BlackElo "2383"]
[Annotator "TA"]
[PlyCount "35"]
[EventDate "2024.12.23"]
[EventType "swiss"]
[EventCountry "ENG"]
[SourceTitle "playchess.com"]
[Source "ChessBase"]
[SourceQuality "1"]
[TimeControl "5400+30"]

1. d4 Nf6 2. c4 e6 3. g3 d5 4. Bg2 dxc4 5. Nf3 Nbd7 6. O-O Rb8 7. a4 a6 8. a5 Bd6 9. Nbd2 b5 {[%emt 0:00:23] ...Bb7 would now be deadly.} 10. axb6 Nxb6 11. Nxc4 Nxc4 12. Qa4+ Rb5 13. Qxc4 O-O $1 14. Ne1 c5 15. Nd3 cxd4 16. Qxd4 e5 17. Qa4 {[%emt 0:03:16] [#]} e4 $1 18. Bxe4 1/2-1/2

[Event "98th Caplin Hastings Masters 2024-25"]
[Site "Hastings"]
[Date "2024.12.31"]
[Round "6.4"]
[White "Siva Mahadevan"]
[Black "Royal, Shreyas"]
[Result "0-1"]
[ECO "B12"]
[WhiteElo "2349"]
[BlackElo "2522"]
[Annotator "TA"]
[PlyCount "70"]
[EventDate "2024.12.23"]
[EventType "swiss"]
[EventCountry "ENG"]
[SourceTitle "playchess.com"]
[Source "ChessBase"]
[SourceQuality "1"]
[TimeControl "5400+30"]

1. e4 c6 2. d4 d5 3. e5 Bf5 4. Nf3 e6 5. Be2 a5 6. a4 Nd7 7. O-O h6 8. Nbd2 Ne7 9. Nb3 Bg4 10. Bd2 Nf5 11. Qe1 b6 12. Rc1 Be7 13. c4 O-O 14. h3 Bxf3 15. Bxf3 f6 16. exf6 Rxf6 17. cxd5 cxd5 18. Rc6 Bd6 19. Qe2 Qf8 20. Bg4 (20. Qb5 {keeps more tension.} Nh4 21. Bg4 Kh8 22. Qd3) 20... Re8 21. Re1 Kh8 22. Qd3 Bb8 23. Re2 Nd6 24. Be1 Qf7 25. h4 Rf4 26. f3 e5 (26... Nf6 $1 $15 {should be considered.} 27. Bh3 (27. Rxb6 Nxg4 28. Nc5 Ne4 $17) 27... Nh5 28. Rxb6 Rf6) 27. Bxd7 (27. Bg3 $1 $11 e4 28. Qc3) 27... Qxd7 $17 28. Rxb6 (28. Qc2 $17) 28... e4 $19 (28... Qxa4 29. Nc5 (29. Rxe5 Rxe5 30. dxe5 Ba7 $11) (29. dxe5 Ba7 $17) 29... Qc4 (29... Qxd4+ 30. Qxd4 Rxd4 31. Na6 $16) 30. b3 (30. Bxa5 Rxd4 31. Qxc4 Nxc4 $17) 30... Qxd3 (30... Qxd4+ $2 31. Qxd4 Rxd4 32. Na6 $18) 31. Nxd3 Rxd4 32. Nxe5 $16) 29. fxe4 dxe4 30. Qa6 Nf5 (30... Qxa4 $2 31. Rxb8 Rxb8 32. Qxd6 $18) 31. Qb5 {[%emt 0:01:42] [#]} Nxd4 $2 (31... Qd8 $1 $19 {and ...Bc7 should not be overlooked} 32. g3 Nxg3 (32... Nxd4 33. Nxd4 Ba7 34. Bxa5 $16) (32... Rf3 33. Rxe4 Rf8 34. Nd2 $11) 33. Bxg3 Rg4 34. Rxe4 Rxg3+ (34... Rexe4 $2 35. Rxb8 $18) 35. Kf2 Rf8+ (35... Rxe4 $2 36. Rxb8 $18) 36. Ke1 Qc8) 32. Nxd4 $15 (32. Qxd7 $2 {is a self mate.} Nxe2+ 33. Kh2 Rxh4#) ({But not} 32. Rxh6+ $2 gxh6 33. Nxd4 Qxd4+ $19) 32... Qxd4+ 33. Rf2 $2 {[%emt 0:01:16][%mdl 8192] [#]} (33. Bf2 $15 Rxf2 (33... Qd1+ 34. Re1 $17) 34. Rxf2) 33... Rxf2 $1 $19 34. Rxh6+ Kg8 35. Bc3 Qd1+ 0-1

[Event "98th Caplin Hastings Masters 2024-25"]
[Site "Hastings"]
[Date "2024.12.31"]
[Round "6.5"]
[White "Bozinakis, Pavlos"]
[Black "Ghazarian, Kirk"]
[Result "0-1"]
[ECO "A23"]
[WhiteElo "2271"]
[BlackElo "2501"]
[Annotator "RC"]
[PlyCount "96"]
[EventDate "2024.12.23"]
[EventType "swiss"]
[EventCountry "ENG"]
[SourceTitle "playchess.com"]
[Source "ChessBase"]
[SourceQuality "1"]
[TimeControl "5400+30"]

1. c4 Nf6 2. g3 e5 3. Bg2 Bc5 4. Nc3 c6 5. Nf3 e4 6. Nh4 d5 7. cxd5 cxd5 8. d3 Ng4 9. O-O g5 10. d4 Bb6 11. h3 gxh4 12. hxg4 Nc6 13. Bf4 Bxg4 14. Qa4 O-O 15. e3 Ba5 16. Rfc1 Nb4 17. Qb3 Be6 18. Qd1 Nd3 19. Qh5 Nxc1 20. Rxc1 Rc8 21. g4 Rc6 22. Bg5 f6 23. Bxh4 Qe8 24. Qxe8 Rxe8 25. Bxf6 Bxg4 26. Be5 Rec8 27. Rb1 Bxc3 28. bxc3 b6 29. Rb5 Be6 30. a4 Rxc3 31. a5 R3c6 32. f3 exf3 33. Bxf3 Rd8 34. e4 Rc3 35. Bg2 dxe4 36. axb6 axb6 37. Bxe4 Rb3 38. Rxb3 Bxb3 39. Kf2 b5 40. Ke3 b4 41. Kd3 Be6 42. Bc7 Rd7 43. Ba5 b3 44. Bc3 h5 45. Bc6 Rd6 46. Ba8 h4 47. Ke4 h3 48. Ke5 Bd5 0-1

[Event "98th Caplin Hastings Masters 2024-25"]
[Site "Hastings"]
[Date "2024.12.31"]
[Round "6.6"]
[White "Seo, Jung Min"]
[Black "Steiners, Emils"]
[Result "1-0"]
[ECO "D36"]
[WhiteElo "2491"]
[BlackElo "2209"]
[Annotator "TA"]
[PlyCount "69"]
[EventDate "2024.12.23"]
[EventType "swiss"]
[EventCountry "ENG"]
[SourceTitle "playchess.com"]
[Source "ChessBase"]
[SourceQuality "1"]
[TimeControl "5400+30"]

1. d4 d5 2. c4 e6 3. Nc3 Nf6 4. cxd5 exd5 5. Bg5 Nbd7 6. e3 c6 7. Bd3 Be7 8. Qc2 O-O 9. Nf3 Re8 10. O-O Nf8 11. Rab1 a5 12. a3 Be6 13. b4 axb4 14. axb4 h6 15. Bh4 N8d7 16. Rfc1 Rc8 17. Na4 Bg4 18. Nc5 Bxf3 ({Black should try} 18... b5 $14) 19. gxf3 $16 b6 (19... b5 $142) 20. Nxd7 Nxd7 21. Bg3 b5 22. Bf5 h5 (22... Bf8 $142 23. Bh3 h5) 23. Rb3 h4 24. Bf4 Bf8 25. Rc3 (25. Ra3 $18 {is more deadly.}) 25... g5 (25... g6 $16 {was called for.}) 26. Be5 $1 $36 {[%emt 0:17:37][%mdl 2048] Black is under strong pressure.} (26. Rxc6 Rxc6 27. Qxc6 gxf4 28. Bxd7 (28. Qxd7 fxe3 29. Qxd8 exf2+ 30. Kxf2 Rxd8 $11) 28... Re7 $11) 26... Nxe5 27. dxe5 Rc7 {[%emt 0:00:44] [#] Black is weak on the light squares} 28. f4 $1 (28. Rxc6 Rxc6 29. Qxc6 Rxe5 $15) 28... gxf4 29. exf4 Bh6 {[%emt 0:00:15] [#]} 30. Kh1 $1 ({Stronger than} 30. Rxc6 Rxc6 31. Qxc6 Bxf4 $11) 30... Kh8 $2 (30... Bxf4 31. Rg1+ Kf8 32. Bh7 Bxe5 33. Re3 $14) (30... d4) 31. Qe2 ({Not} 31. Rxc6 Rxc6 32. Qxc6 Bxf4 $16) 31... Bg7 32. Rg1 {[%emt 0:05:05] White threatens Qh5+ and mate.} f6 33. Qh5+ Kg8 34. exf6 d4 35. Qh7+ 1-0